 Dungeon Crawl Stone Soup version 0.17-a0-1863-g715b4b0 (webtiles) character file.

124 Goblin1989 the Cutter (level 5, -1/30 HPs)
             Began as a Kobold Assassin on Sept 20, 2015.
             Killed from afar by an orc wizard (6 damage)
             ... with a magic dart
             ... on level 3 of the Dungeon.
             The game lasted 00:11:27 (2197 turns).

Goblin1989 the Cutter (Kobold Assassin)             Turns: 2197, Time: 00:11:29

Health: -1/30      AC:  3    Str: 10    XL:     5   Next: 30%
Magic:  5/5        EV: 14    Int:  9    God:
Gold:   113        SH:  0    Dex: 18    Spells: 0 memorised, 4 levels left

rFire  . . .     SeeInvis .     b - +0 blowgun
rCold  . . .     Clarity  .     c - +0 robe
rNeg   . . .     SustAt   .     (shield restricted)
rPois  .         Gourm    .     (no helmet)
rElec  .         Spirit   .     d - +0 cloak
rCorr  .         Warding  .     (no gloves)
rMut   .         Stasis   .     (no boots)
MR     .....                    (no amulet)
Stlth  +++.......               (no ring)
                                (no ring)

@: not resistant to hostile enchantments, fairly stealthy
A: carnivore 3
a: no special abilities


You were on level 3 of the Dungeon.
You were completely stuffed.

You visited 1 branch of the dungeon, and saw 3 of its levels.

You collected 113 gold pieces.

Inventory:

Hand weapons
 a - a +2 dagger
 b - a +0 blowgun (weapon)
Missiles
 e - 12 poisoned needles (quivered)
Armour
 c - a +0 robe (worn)
 d - a +0 cloak (worn)
Jewellery
 m - an uncursed ring of fire {unknown}
 u - a cursed ring of teleportation {unknown}
Scrolls
 i - 2 scrolls of recharging {unknown}
 j - 4 scrolls of identify {unknown}
 k - 6 scrolls of remove curse {unknown}
 l - 2 scrolls of magic mapping {unknown}
 r - 2 scrolls of enchant armour {unknown}
 s - a scroll of teleportation {unknown}
 t - a scroll of immolation {unknown}
Potions
 h - a potion of brilliance {unknown}
 n - a potion of agility {unknown}
 o - a potion of curing
 p - a potion of ambrosia {unknown}
 q - 3 potions of invisibility
Comestibles
 g - a meat ration
 v - a beef jerky
 w - 3 chunks of flesh


   Skills:
 - Level 2.1 Fighting
 + Level 6.7 Short Blades
 - Level 2.6 Throwing
 - Level 1.2 Dodging
 - Level 5.3 Stealth


You had 4 spell levels left.
You didn't know any spells.

Dungeon Overview and Level Annotations

Branches:
Dungeon (3/15)

Altars:
Nemelex Xobeh


Innate Abilities, Weirdness & Mutations

You are small and have problems with some larger weapons.
You are carnivorous and can eat meat at any time.


Message History

Something tries to affect you, but you resist.
You see here 17 stones.
An orc wizard appears from thin air!
Reactivating autopickup.
b - a +0 blowgun (weapon)
Firing (i - inventory):
e - 14 poisoned needles (quivered)
Press: ? - help, Shift-Dir - straight line, f - orc wizard
Aim: an orc wizard, wielding a dagger and wearing a robe (almost dead)
You shoot a poisoned needle.
The poisoned needle barely misses the orc wizard.
Firing (i - inventory):
e - 13 poisoned needles (quivered)
Press: ? - help, Shift-Dir - straight line, f/p - orc wizard
Aim: an orc wizard, wielding a dagger and wearing a robe (almost dead)
You shoot a poisoned needle.
The poisoned needle hits the orc wizard.
The orc wizard is poisoned.
The orc wizard is almost dead.
The orc wizard casts a spell at you. The magic dart hits you!
You die...

...###.##### ....( ## #....##
...... ##. ..?..##..## [....
######). #....# ##..# #...#
#...=... #.....####.#
#.####....... .........((##
##.........>.. ....##.###.o##
#.......((....
....##..##.[.#####.#...........
......^....@......!..#.#####
..###..........)............
#...................####(
##.......##.)......## #.
##.........#......# #.
##...##.#.##....## ##.
######.#.##....# #..
##.#....#...# #.. #...<).####.#
#..


You could see an orc wizard.

Vanquished Creatures
  A worker ant (D:2)
  5 adders
  2 worms
  4 orcs
  10 bats
  A giant cockroach (D:2)
  5 goblins
  2 hobgoblins (D:2)
  11 kobolds
  2 quokkas
  A giant newt (D:2)
  6 rats
50 creatures vanquished.

Notes
Turn   | Place    | Note
--------------------------------------------------------------
     0 | D:1      | Goblin1989 the Kobold Assassin began the quest for the Orb.
     0 | D:1      | Reached XP level 1. HP: 12/12 MP: 1/1
    75 | D:1      | Reached XP level 2. HP: 17/17 MP: 2/2
    96 | D:1      | You fall through a shaft!
   769 | D:1      | Found a sparkling altar of Nemelex Xobeh.
   849 | D:1      | Reached XP level 3. HP: 19/21 MP: 3/3
  1336 | D:2      | Reached skill level 5 in Short Blades
  1463 | D:2      | Reached XP level 4. HP: 26/26 MP: 4/4
  1711 | D:2      | Reached skill level 6 in Short Blades
  1952 | D:3      | Reached XP level 5. HP: 30/30 MP: 5/5
  2197 | D:3      | Killed from afar by an orc wizard

Vault maps used:
D:1:      minmay_arrival_doors, nemelex_xobeh_ov_fountains_minmay
D:2:      minmay_misc_feat_doors, dk_noncrumbling_2, minmay_strange_pillars,
          kennysheep_generic_room_3

Action                   |  1- 3 |  4- 6 || total
-------------------------+-------+-------++-------
Melee: Dagger            |    93 |    58 ||   151
       Blowgun           |       |     1 ||     1
 Fire: Blowgun           |     4 |    22 ||    26
  Use: Potion            |       |     1 ||     1
 Stab: Sleeping          |     5 |     7 ||    12
       Distracted        |       |     1 ||     1
  Eat: Chunk             |    10 |     2 ||    12
